 Dungeon Crawl Stone Soup version 0.30.0-5-g1a98f26d00 (webtiles) character file.

Game seed: 11592374099098166819

98 Irreverend the Firebug (level 4, -3/24 HPs)
             Began as a Tengu Fire Elementalist on May 9, 2023.
             Slain by a gnoll
             ... wielding a +0 flail
              (4 damage)
             ... on level 4 of the Dungeon.
             The game lasted 00:04:45 (2390 turns).

Irreverend the Firebug (Tengu Fire Elementalist)    Turns: 2390, Time: 00:04:46

Health: -3/24      AC:  2    Str:  8    XL:     4   Next: 71%
Magic:  0/8        EV: 12    Int: 17    God:
Gold:   87         SH:  0    Dex: 15    Spells: 1/7 levels left

rFire   . . .        (no weapon)
rCold   . . .        (no shield)
rNeg    . . .        a - +0 robe
rPois   .            (helmet restricted)
rElec   .            (no cloak)
rCorr   .            (no gloves)
SInv    .            (boots unavailable)
Will    .....        g - amulet of the acrobat
Stlth   ++           (no ring)
HPRegen 0.24/turn    (no ring)
MPRegen 0.11/turn

%: acrobat
@: no status effects
A: beak, talons 3
a: no special abilities


You were on level 4 of the Dungeon.
You visited 1 branch of the dungeon, and saw 3 of its levels.

You collected 87 gold pieces.

Inventory:

Armour
 a - a +0 robe (worn)
Jewellery
 g - an amulet of the acrobat (around neck)
 k - an amulet of reflection
Scrolls
 c - a scroll of fear {unknown}
 d - a scroll of blinking {unknown}
 h - a scroll of poison {unknown}
 l - 2 scrolls of identify {unknown}
Potions
 b - a potion of magic
 e - a potion of curing {unknown}
 f - 4 potions of invisibility {unknown}
 i - a potion of might {unknown}
 j - 3 potions of attraction {unknown}


   Skills:
 - Level 2.2 Dodging
 - Level 2.0 Stealth
 - Level 2.0 Spellcasting
 - Level 1.4 Conjurations
 + Level 5.8 Fire Magic


You had one spell level left.
You knew the following spells:

 Your Spells              Type           Power      Damage    Failure   Level
a - Foxfire               Conj/Fire      56%        2x1d6     4%          1
b - Scorch                Fire           42%        2d6       2%          2
c - Inner Flame           Hex/Fire       11%        N/A       19%         3

Your spell library contained the following spells:

 Spells                   Type           Power      Damage    Failure   Level
 Volatile Blastmotes      Fire/Tloc      22%        2d11      19%         3
 Lesser Beckoning         Tloc           2%         N/A       28%         2
 Flame Wave               Conj/Fire      14%        2d6       41%         4
 Gell's Gravitas          Tloc           1%         N/A       50%         3
 Teleport Other           Tloc           1%         N/A       50%         3


Dungeon Overview and Level Annotations

Branches:
Dungeon (2/15)             Temple (0/1) D:4

Altars:


Innate Abilities, Weirdness & Mutations

You have a beak for a mouth.
You have claws for feet.


Message History

The gnoll shouts!
You hear a bark!
A gnoll comes into view. It is wielding a +0 flail.
Casting: Scorch (safe; 3% risk of failure)
Confirm with . or Enter, or press ? or * to list all spells.
You conjure some foxfire!
The gnoll shouts!
You hear a bark!
A kobold comes into view. It is wielding a staff of fire.
An ogre comes into view. It is wielding a +0 giant club.
The foxfire hits the gnoll.
The gnoll is moderately wounded.
The foxfire hits the gnoll.
The gnoll is moderately wounded.
Casting: Foxfire (safe; 4% risk of failure)
Confirm with . or Enter, or press ? or * to list all spells.
Flames lash the gnoll.
The gnoll is almost dead.
The gnoll's fire resistance burns away.
The gnoll attacks as you move away! The gnoll hits you with a +0 flail.
A ball python comes into view.
Casting: Scorch (safe; 3% risk of failure)
Confirm with . or Enter, or press ? or * to list all spells.
Flames lash the gnoll.
The gnoll is severely wounded.
The gnoll's fire resistance burns away.
The gnoll hits you with a +0 flail.
Casting: Scorch (safe; 3% risk of failure)
Confirm with . or Enter, or press ? or * to list all spells.
Flames lash the gnoll.
The gnoll is burned terribly!
You kill the gnoll!
The gnoll hits you with a +0 flail! The gnoll attacks as you move away!
The gnoll completely misses you.
The gnoll is no longer more vulnerable to fire.
The gnoll attacks as you move away! The gnoll closely misses you.
Casting: Scorch (safe; 2% risk of failure)
Confirm with . or Enter, or press ? or * to list all spells.
Flames lash the ball python.
You kill the ball python!
The gnoll hits you with a +0 flail!
* * * LOW HITPOINT WARNING * * *
The gnoll attacks as you move away! The gnoll hits you with a +0 flail.
You die...

##.....#
.#....K##
#..###g# ##. #.#
#..###O# #.....#
##.##.#
..#..g######.#
... ##..@......#
#.
##.#############
.
##.............
#.##.#....)..#
#.#.....#####.#
#..#.....#
#.........#
###.#.....#
#.#.....#


You could see an ogre, 2 gnolls and a kobold.

Vanquished Creatures
  Terence (D:2)
  A gnoll (D:4)
  2 adders (D:2)
  2 worms (D:2)
  A dart slug (D:1)
  5 ball pythons
  3 bats (D:1)
  5 endoplasms
  A giant cockroach (D:1)
  3 goblins
  3 hobgoblins
  4 kobolds
  4 frilled lizards
  2 rats (D:1)
37 creatures vanquished.

Vanquished Creatures (others)
  94 foxfires
94 creatures vanquished.

Grand Total: 131 creatures vanquished

Notes
Turn   | Place    | Note
-------+----------+-------------------------------------------
     0 | D:1      | Irreverend the Tengu Fire Elementalist began the quest for
                  | the Orb.
     0 | D:1      | Reached XP level 1. HP: 10/10 MP: 4/4
   442 | D:1      | Reached XP level 2. HP: 15/15 MP: 3/6
   559 | D:1      | Reached skill level 4 in Fire Magic
  1030 | D:1      | Learned a level 2 spell: Scorch
  1375 | D:2      | Reached XP level 3. HP: 19/19 MP: 2/7
  1658 | D:2      | Reached skill level 5 in Fire Magic
  1865 | D:2      | Reached XP level 4. HP: 24/24 MP: 6/8
  1869 | D:2      | Learned a level 3 spell: Inner Flame
  2157 | D:2      | Noticed Terence
  2161 | D:2      | Killed Terence
  2276 | D:2      | Found a faded altar of an unknown god.
  2356 | D:2      | You fall into a shaft and drop 2 floors!
  2372 | D:4      | Found a staircase to the Ecumenical Temple.
  2376 | D:4      | Noticed an ogre
  2389 | D:4      | HP: 1/24 [gnoll/+0 flail (10)]
  2390 | D:4      | Slain by a gnoll

Illustrated notes

Levels and vault maps discovered:
D:1:      dpeg_arrival_arbitrary_b, layout_basic
D:2:      layout_basic, dilly_ecumenical_altar_fadedgnrine, uniq_terence,
          uniq_crazy_yiuf_cottage
D:4:      layout_loops_ring, minmay_temple_entry_mist

Skill      XL: |  1  2  3 |
---------------+----------+-----
Fire Magic     | 4 5 |  5.8
Dodging        | |  2.2
Stealth        | |  2.0
Spellcasting   | |  2.0
Conjurations   | |  1.4

Action                     |  1- 3 |  4- 6 || total
---------------------------+-------+-------++-------
   Cast: Foxfire           |    51 |     3 ||    54
         Scorch            |    10 |    10 ||    20
 Armour: Robe              |     3 |       ||     3
  Dodge: Dodged            |    22 |     3 ||    25
